 Dungeon Crawl Stone Soup version 0.28-a0-938-gbc3f381ebc (webtiles) character file.

Game seed: 3228672490997669364

163 bande the Covered (level 5, 0/33 HPs)
             Began as a Gargoyle Fighter on Nov 29, 2021.
             Slain by an ogre (18 damage)
             ... on level 3 of the Dungeon.
             The game lasted 00:03:44 (3254 turns).

bande the Covered (Gargoyle Fighter)                Turns: 3254, Time: 00:03:44

Health: 0/33       AC: 15    Str: 26    XL:     5   Next: 44%
Magic:  0/5        EV:  8    Int:  9    God:
Gold:   170        SH:  4    Dex:  9    Spells: 4/4 levels left

rFire   . . .      SeeInvis .   a - +0 war axe
rCold   . . .      Faith    .   c - +0 buckler
rNeg    + . .      Spirit   +   f - +0 chain mail
rPois   ∞          Reflect  .   (no helmet)
rElec   +          Harm     .   l - +1 cloak
rCorr   .          Rampage  .   (no gloves)
Will    .....                   (no boots)
Stlth   ..........              g - amulet of guardian spirit
HPRegen 0.11/turn               i - +6 ring of strength
MPRegen 0.09/turn               (no ring)

@: no status effects
A: sickness immunity, AC +4, negative energy resistance 1, electricity
resistance, torment resistance 1, petrification resistance
a: no special abilities


You were on level 3 of the Dungeon.
You visited 1 branch of the dungeon, and saw 3 of its levels.

You collected 170 gold pieces.

Inventory:

Hand Weapons
 a - a +0 war axe (weapon)
Armour
 c - a +0 buckler (worn)
 f - a +0 chain mail (worn)
 l - a +1 cloak (worn)
Jewellery
 g - an amulet of guardian spirit (around neck)
 h - a ring of magical power
 i - a +6 ring of strength (left hand)
Scrolls
 b - 2 scrolls of enchant armour
 e - a scroll of teleportation
 n - a scroll of summoning {unknown}
Potions
 d - a potion of might
 j - a potion of haste
 k - 2 potions of cancellation
 m - a potion of heal wounds {unknown}
 o - a potion of attraction {unknown}


   Skills:
 + Level 3.8 Fighting
 + Level 3.4 Axes
 + Level 4.4 Armour
 + Level 4.0 Shields


You had 4 spell levels left.
You didn't know any spells.
Your spell library contained the following spells:

 Spells                   Type           Power      Damage    Failure   Level
 Portal Projectile        Hex/Tloc       0%         N/A       100%        3
 Animate Dead             Necr           0%         N/A       100%        4
 Blade Hands              Tmut           0%         N/A       100%        5
 Borgnjor's Vile Clutch   Necr/Erth      0%         N/A       100%        5
 Excruciating Wounds      Necr           0%         N/A       100%        5
 Death Channel            Necr           0%         N/A       100%        6


Dungeon Overview and Level Annotations

Branches:
Dungeon (3/15)

Altars:


Innate Abilities, Weirdness & Mutations

You are immune to sickness and miasma.
Your stone body is resilient. (AC +4)
You are immune to poison.
You resist negative energy. (rN+)
You are resistant to electric shocks. (rElec)
You are resistant to unholy torment.
You are immune to petrification.


Message History

No target in view!
No target in view!
You see here a bat corpse.
You now have 170 gold pieces (gained 17).
Things that are here:
a +0 falchion; a +0 leather armour A quokka and a hobgoblin come into view.
Found a scroll of teleportation.
The hobgoblin shouts!
There are monsters nearby!
There are monsters nearby!
The hobgoblin closely misses you.
You hit the hobgoblin but do no damage. The hobgoblin hits you.
The hobgoblin hits you but does no damage.
You hit the hobgoblin but do no damage. You block the hobgoblin's attack.
The quokka bites you but does no damage.
You slash the hobgoblin!
You kill the hobgoblin!
You slash the quokka!
You kill the quokka!
No target in view!
No target in view!
No target in view!
No target in view!
No target in view!
No target in view!
An ogre comes into view. It is wielding a +0 giant spiked club.
The ogre shouts!
You hear an angry hiss.
You see here 11 gold pieces.
An ogre is nearby!
An ogre is nearby!
You see here a scroll of teleportation.
You closely miss the ogre. The ogre closely misses you.
You completely miss the ogre.
The ogre hits you with a +0 giant spiked club!
You hit the ogre.
The ogre is lightly wounded.
The ogre hits you with a +0 giant spiked club!!
Ouch! That really hurt!
You die...

#...#
##.############
##### #.# # #.# #.
#.# #.. #.#
####.#####.#
........##.########
.........$........#
.......@....†.....#
......O...........#
........##.######..
...........# .
...........#
...........#
...........#
...........


You could see an ogre.

Vanquished Creatures
  2 orc priests (D:1)
  An orc wizard (D:2)
  A gnoll (D:1)
  An adder (D:3)
  A worm (D:2)
  2 dart slugs
  2 orcs
  2 endoplasms
  2 giant cockroaches
  6 goblins
  9 hobgoblins
  A kobold (D:1)
  3 quokkas
  6 ball pythons
  8 bats
  5 frilled lizards
  A rat (D:2)
53 creatures vanquished.

Notes
Turn   | Place    | Note
-------+----------+-------------------------------------------
     0 | D:1      | bande the Gargoyle Fighter began the quest for the Orb.
     0 | D:1      | Reached XP level 1. HP: 14/14 MP: 1/1
    79 | D:1      | Reached XP level 2. HP: 1/19 MP: 2/2
   781 | D:1      | Reached XP level 3. HP: 17/23 MP: 3/3
  1080 | D:1      | Found a faded altar of an unknown god.
  1763 | D:1      | Reached XP level 4. HP: 24/29 MP: 4/4
  2201 | D:2      | Reached XP level 5. HP: 18/33 MP: 5/5
  3248 | D:3      | Noticed an ogre
  3254 | D:3      | Slain by an ogre

Illustrated notes

Levels and vault maps discovered:
D:1:      lightli_arrival_windingriver, layout_basic, basic_ecumenical_altar,
          grunt_decor_arrowhead
D:2:      layout_loops_cross, minmay_hedge_maze
D:3:      layout_basic, grunt_decor_resistance

Skill      XL: |  1  2  3  4 |
---------------+-------------+-----
Shields        | 4 |  4.0
Axes           | 2 3 |  3.4
Armour         | 4 |  4.4
Fighting       | |  3.8

Action                   |  1- 3 |  4- 6 || total
-------------------------+-------+-------++-------
Melee: War axe           |    62 |    62 ||   124
  Use: Scroll            |     5 |       ||     5
Armor: Chain mail        |    48 |    35 ||    83
Dodge: Dodged            |    39 |    24 ||    63
Block: Buckler           |    17 |     9 ||    26

Table legend: (Time is in decaauts)
 A = Elapsed time spent in this place.
 B = Non-inter-level travel time spent in this place.
 C = Inter-level travel time spent in this place.
 D = Time resting spent in this place.
 E = Time spent auto-exploring this place.
 F = Levels seen in this place.
 G = Mean time per level.
                   A        B        C        D        E       F      G
               +--------+--------+--------+--------+--------+-----+--------+
         Total |   3306 |   3259 |     47 |   1291 |   1480 |   3 | 1102.0 |
       Dungeon |   3306 |   3259 |     47 |   1291 |   1480 |   3 | 1102.0 |
               +--------+--------+--------+--------+--------+-----+--------+

Top non-repeatable levels by time:
     D:1: 1860 daAuts
     D:2: 1029 daAuts
     D:3: 416 daAuts
